Map: Abyssal Reef LE

Players

IIIIIIIIII - Winner!

  • Race: Terran Terran
  • League: Master
  • Spawn Location: 5:00

Garbage

  • Race: Zerg Zerg
  • League: Diamond
  • Spawn Location: 11:00

VOD

Have the link to the VOD?

Description

Time

  • Played on: Jan. 12, 2018, 6:54 a.m.
  • Length: 19:39
Show
View Real Time Build Order
Export as new Build Order

IIIIIIIIII Terran - Winner!

Build Orders: Hellion Banshee 

Get SALT Encoding   

  12  0:01  SCV  
  13  0:13  SCV  
  14  0:17  Supply Depot  
  14  0:25  SCV  
  15  0:29  Refinery  
  15  0:38  SCV  
  16  0:46  Barracks  
  16  0:51  SCV  
  17  1:03  SCV  
  18  1:15  SCV  
  19  1:27  SCV  
  20  1:32  Marine  
  20  1:35  Factory  
  21  1:40  Orbital Command  
  21  1:43  Supply Depot  
  21  1:51  Barracks Reactor  
  21  2:08  SCV  
  22  2:17  Command Center  
  22  2:20  SCV  
  23  2:25  Supply Depot  
  23  2:32  SCV  
  23  2:35  Hellion  
  26  2:38  Hellion  
  26  2:41  Barracks Tech Lab  
  28  2:44  SCV  
  28  2:49  Supply Depot  
  29  2:56  SCV  
  30  3:00  Hellion  
  32  3:07  Barracks Tech Lab  
  32  3:08  SCV, Hellion  
  35  3:21  Starport  
  35  3:24  SCV  
  35  3:25  Hellion  
  38  3:32  Orbital Command  
  38  3:36  SCV  
  38  3:38  Hellion  
  41  3:46  Hellion  
  41  3:48  SCV  
  44  3:51  Refinery  
  44  4:01  Hellion  
  44  4:02  Banshee  
  47  4:03  SCV x2  
  47  4:18  Hellion  
  47  4:19  Marauder  
  47  4:20  SCV x2  
  49  4:28  Armory  
  49  4:32  SCV x2  
  49  4:38  Command Center  
  51  4:44  SCV x2  
  51  4:45  Viking  
  55  4:55  Supply Depot  
  55  4:56  SCV, Supply Depot  
  55  4:57  SCV  
  59  5:00  Marauder  
  59  5:08  SCV  
  59  5:09  SCV  
  59  5:11  Bunker  
  61  5:17  Hellion  
  63  5:24  Banshee  
  63  5:25  Marauder  
  63  5:26  SCV x2  
  70  5:38  SCV x2  
  70  5:40  Factory  
  70  5:42  Command Center  
  72  5:48  Marauder  
  72  5:49  Concussive Shells  
  74  5:50  SCV x2  
  73  6:00  Hellbat x2  
  73  6:02  SCV  
  78  6:09  Marauder  
  78  6:11  Banshee  
  69  6:16  SCV  
  69  6:17  SCV  
  71  6:21  Hellbat  
  71  6:22  Hellbat  
  75  6:28  SCV  
  75  6:29  SCV x2  
  75  6:31  Marauder  
  75  6:32  Engineering Bay  
  80  6:33  Factory Tech Lab  
  80  6:40  SCV  
  80  6:41  SCV x2  
  80  6:43  Hellbat x2  
  80  6:44  Refinery  
  87  6:47  Refinery  
  87  6:52  SCV, Refinery x2  
  87  6:53  SCV x2  
  90  6:56  Supply Depot  
  90  6:57  Supply Depot  
  90  7:05  SCV x2, Planetary Fortress  
  92  7:10  Missile Turret  
  92  7:17  SCV x2  
  94  7:23  Missile Turret  
  94  7:29  SCV  
  95  7:30  SCV, Planetary Fortress  
  94  7:38  Missile Turret, Drilling Claws  
  94  7:39  Command Center  
  94  7:40  Siege Tank  
  94  7:41  SCV, Widow Mine  
  94  7:42  SCV x2  
  102  7:53  SCV  
  103  7:59  Missile Turret  
  92  8:11  SCV x4  
  82  8:21  Sensor Tower, Missile Turret  
  82  8:23  Siege Tank, SCV x3, Refinery  
  82  8:24  SCV, Widow Mine x2  
  82  8:25  Refinery  
  93  8:29  Factory  
  93  8:31  Factory  
  93  8:35  SCV x3  
  93  8:36  SCV  
  97  8:45  Widow Mine  
  97  8:46  Widow Mine  
  97  8:47  SCV x2  
  97  8:48  SCV x2  
  105  8:50  Supply Depot  
  105  8:51  Building Armor  
  105  8:53  Terran Vehicle And Ship Armor Level 1, Supply Depot x2  
  105  8:56  Siege Tank  
  105  8:59  SCV x2  
  105  9:00  SCV x2  
  112  9:07  Command Center  
  112  9:08  Widow Mine x2  
  116  9:16  Factory Tech Lab  
  116  9:17  Siege Tank, SCV x2  
  119  9:18  SCV x2  
  119  9:23  Armory  
  123  9:28  Siege Tank  
  123  9:29  SCV, Supply Depot  
  123  9:30  SCV x3  
  130  9:31  Factory  
  130  9:32  Factory  
  130  9:36  Supply Depot  
  130  9:37  Supply Depot  
  130  9:38  Supply Depot  
  130  9:41  SCV  
  130  9:42  SCV  
  130  9:44  Fusion Core  
  130  9:45  SCV, Starport  
  134  9:47  Planetary Fortress  
  134  9:49  SCV  
  134  9:54  SCV  
  135  10:06  Refinery  
  135  10:08  SCV x4, Refinery  
  135  10:10  Missile Turret  
  135  10:12  Missile Turret, Sensor Tower  
  139  10:20  SCV x3  
  139  10:21  SCV  
  143  10:27  Terran Ship Weapons Level 1  
  143  10:35  Starport  
  143  10:36  Starport  
  143  10:40  Starport  
  143  10:42  Starport Tech Lab  
  143  10:43  Starport  
  143  10:45  Starport  
  143  10:50  Factory Reactor x2  
  143  10:51  Siege Tank x2, Widow Mine x2  
  143  10:52  Siege Tank  
  143  10:53  SCV x2  
  143  10:54  SCV x2  
  143  10:55  SCV  
  161  11:00  Planetary Fortress  
  161  11:05  SCV x2  
  161  11:06  SCV x2  
  161  11:07  SCV  
  154  11:19  Widow Mine, Refinery  
  154  11:20  Widow Mine, Refinery  
  154  11:23  Siege Tank  
  154  11:24  Siege Tank x2  
  156  11:31  Widow Mine  
  156  11:32  Widow Mine x3  
  161  11:37  SCV  
  161  11:38  SCV x3  
  156  11:47  Command Center  
  156  11:49  SCV  
  156  11:50  SCV x2  
  156  11:51  Starport Tech Lab x2  
  156  11:53  Weapon Refit  
  148  11:55  Siege Tank, Terran Vehicle And Ship Armor Level 2  
  148  11:56  Siege Tank x2  
  142  12:02  SCV x3  
  139  12:13  Missile Turret  
  139  12:14  SCV x3  
  142  12:16  Missile Turret  
  142  12:17  Sensor Tower  
  142  12:23  Command Center  
  142  12:26  Command Center, SCV x3, Battlecruiser  
  142  12:27  Battlecruiser x2, Starport Tech Lab x3  
  142  12:28  Siege Tank x2  
  147  12:38  SCV x3  
  147  12:42  SCV  
  141  12:50  Sensor Tower, SCV x2  
  141  12:51  SCV  
  144  12:52  Missile Turret  
  144  13:02  SCV x2  
  144  13:03  SCV  
  144  13:04  Battlecruiser x3  
  165  13:06  Terran Ship Weapons Level 2  
  165  13:14  SCV x2  
  165  13:15  SCV  
  168  13:20  Siege Tank, Widow Mine x2  
  168  13:26  SCV x2  
  177  13:27  SCV  
  178  13:36  Planetary Fortress  
  178  13:38  SCV  
  178  13:39  SCV x2  
  178  13:40  Refinery  
  178  13:41  Refinery  
  181  13:43  Battlecruiser  
  181  13:46  Sensor Tower  
  187  13:51  Command Center  
  187  13:56  Command Center  
  187  14:01  Battlecruiser  
  190  14:11  Planetary Fortress  
  190  14:14  Command Center  
  190  14:23  Planetary Fortress  
  190  14:24  Command Center  
  190  14:25  Missile Turret  
  196  14:45  Battlecruiser  
  196  14:51  Battlecruiser  
  196  14:53  Battlecruiser  
  196  14:55  Terran Vehicle And Ship Armor Level 3  
  196  14:58  Battlecruiser  
  196  15:12  Command Center  
  196  15:13  Missile Turret  
  196  15:14  Missile Turret  
  196  15:23  Refinery  
  196  15:26  Refinery  
  196  15:41  Battlecruiser x2  
  178  16:05  Command Center  
  178  16:06  Command Center  
  178  16:08  Command Center  
  178  16:12  Command Center  
  178  16:35  Refinery  
  178  16:37  Battlecruiser  
  178  16:38  Battlecruiser x2  
  178  16:39  Refinery  
  190  16:42  Battlecruiser x2  
  190  16:43  Planetary Fortress  
  184  16:55  Orbital Command  
  184  16:57  Battlecruiser  
  184  16:59  Battlecruiser  
  192  17:31  Widow Mine  
  192  17:32  Siege Tank, Widow Mine  
  179  17:51  Widow Mine  
  179  17:52  Siege Tank, Widow Mine x2  
  188  18:02  Widow Mine  
  188  18:03  Widow Mine x3  
  188  18:04  Siege Tank  
  181  18:24  Siege Tank  
  181  18:52  Siege Tank, Widow Mine x2  
  186  19:00  Widow Mine x2  
Show
View Real Time Build Order
Export as new Build Order

Garbage Zerg 

Build Orders: Hatch First 

Get SALT Encoding   

  12  0:01  Drone  
  13  0:12  Overlord  
  13  0:17  Drone  
  14  0:31  Drone x2  
  14  0:35  Drone  
  17  0:52  Hatchery  
  17  0:55  Drone  
  17  0:58  Drone  
  18  1:09  Extractor  
  17  1:13  Spawning Pool  
  17  1:16  Drone  
  17  1:20  Drone  
  18  1:29  Drone  
  20  1:40  Drone  
  20  1:57  Overlord  
  20  2:00  Queen  
  22  2:04  Zergling x2, Queen  
  22  2:06  Zergling x2  
  26  2:20  Hatchery  
  25  2:27  Drone x2  
  27  2:32  Metabolic Boost  
  27  2:35  Drone  
  28  2:39  Drone  
  29  2:47  Pneumatized Carapace  
  29  2:49  Drone  
  30  2:52  Drone  
  30  2:57  Overlord  
  31  3:04  Queen  
  33  3:09  Drone x2  
  35  3:15  Drone x2  
  35  3:16  Drone  
  38  3:23  Drone x2  
  38  3:24  Drone  
  41  3:27  Overlord  
  41  3:38  Queen  
  41  3:39  Queen  
  45  3:44  Drone x2  
  45  3:45  Drone  
  45  3:47  Zergling x2  
  49  3:56  Baneling Nest  
  49  4:02  Zergling x8  
  47  4:15  Zergling x8  
  47  4:16  Drone, Zergling x6  
  45  4:26  Queen  
  45  4:28  Drone  
  48  4:39  Drone x5  
  53  4:54  Drone x5  
  58  5:05  Overlord x2  
  58  5:19  Lair  
  58  5:23  Drone  
  58  5:24  Overlord x3  
  59  5:31  Baneling  
  59  5:32  Baneling x2  
  59  5:33  Drone x2  
  59  5:34  Drone x5  
  66  5:48  Drone x7  
  66  5:49  Drone x4  
  74  6:09  Drone x6  
  74  6:10  Drone x2  
  74  6:23  Hatchery  
  74  6:24  Drone  
  74  6:25  Drone x7  
  81  6:26  Extractor  
  81  6:29  Extractor  
  81  6:31  Extractor  
  81  6:32  Extractor  
  77  6:33  Extractor  
  76  6:40  Zergling x8  
  76  6:42  Spore Crawler  
  76  6:43  Spore Crawler  
  76  6:46  Spore Crawler  
  77  6:50  Overlord x3  
  77  6:54  Centrifical Hooks  
  77  6:56  Zergling x10  
  82  7:03  Evolution Chamber  
  82  7:05  Evolution Chamber  
  80  7:21  Zergling x4  
  80  7:22  Zergling x16  
  90  7:35  Hatchery  
  89  7:38  Overlord x2  
  89  7:40  Hatchery  
  88  7:45  Zerg Ground Armor Level 1, Zerg Missile Weapons Level 1, Hydralisk Den  
  87  7:54  Baneling x6  
  87  7:55  Baneling x3  
  71  8:14  Overlord  
  71  8:15  Overlord  
  71  8:20  Hydralisk x4  
  79  8:32  Hatchery  
  78  8:37  Drone x12  
  90  8:45  Drone  
  90  8:47  Drone x2  
  93  8:50  Drone x2  
  95  8:58  Drone, Muscular Augments  
  95  8:59  Drone x3  
  99  9:09  Zergling x18  
  111  9:10  Zergling x6  
  111  9:18  Hydralisk x4  
  111  9:23  Extractor  
  118  9:24  Extractor  
  117  9:31  Overseer x2  
  117  9:32  Infestation Pit  
  117  9:34  Baneling x3  
  117  9:35  Baneling x2  
  116  9:41  Hydralisk x7  
  116  9:42  Hydralisk x3  
  116  9:43  Overlord  
  130  10:01  Hydralisk, Zergling x2  
  130  10:02  Hydralisk x8  
  146  10:14  Hydralisk x5  
  146  10:16  Overlord x2  
  156  10:23  Hive  
  156  10:28  Zerg Missile Weapons Level 2  
  156  10:30  Zerg Ground Armor Level 2  
  156  10:54  Zergling x14  
  156  10:55  Zergling x18  
  172  11:01  Overlord  
  172  11:02  Overlord x3  
  163  11:26  Baneling  
  163  11:27  Baneling x22  
  163  11:28  Baneling x9  
  147  11:46  Zergling x44  
  147  11:47  Zergling x10  
  166  12:00  Zergling x16  
  159  12:12  Baneling x16  
  159  12:13  Baneling x16  
  159  12:20  Spire  
  158  12:24  Ultralisk Cavern  
  92  12:46  Zerg Melee Weapons Level 1  
  92  12:48  Zerg Ground Armor Level 3  
  90  12:55  Drone  
  91  13:03  Hatchery  
  90  13:17  Ultralisk x4  
  114  13:20  Hatchery  
  114  13:24  Chitinous Plating  
  107  13:50  Hydralisk x14  
  135  14:04  Baneling  
  135  14:15  Drone x5  
  135  14:16  Drone  
  141  14:17  Overlord x3  
  141  14:24  Extractor x2  
  141  14:30  Viper x7  
  160  14:37  Hydralisk x5  
  158  14:57  Hydralisk x8  
  172  15:16  Hydralisk x7  
  182  15:42  Hydralisk x4  
  180  15:43  Hydralisk x6  
  186  15:59  Drone x11  
  186  16:03  Hatchery  
  196  16:16  Hatchery  
  180  16:45  Zerg Missile Weapons Level 3, Zerg Melee Weapons Level 2  
  174  16:54  Hatchery  
  169  17:22  Hydralisk x12  
  164  17:23  Hydralisk x3  
  162  17:49  Hydralisk x5  
  165  18:12  Hydralisk x6  
  151  18:28  Ultralisk  
  157  18:54  Hatchery  
  118  19:12  Hydralisk x3  
Tags
 
Add a new tag
Caveats
  • Supply blocks, unpowered buildings, or Contaminate may cause inaccurate times.
  • Supply counts are checked every 10 seconds.